 Dungeon Crawl Stone Soup version 0.32-a0-7-ge934b4519a (webtiles) character file.

Game seed: 6438449960494007766

2029298 mdonais the Conqueror (level 27, 323/323 HPs)
             Began as an Oni Warper on Jan 13, 2024.
             Was a High Priest of Lugonu.
             Escaped with the Orb
             ... and 4 runes!
             The game lasted 05:15:50 (90552 turns).

mdonais the Conqueror (Oni Warper)                 Turns: 90552, Time: 05:15:50

Health: 323/323    AC: 38    Str: 41    XL:     27
Magic:  37/39      EV: 16    Int: 17    God:    Lugonu [*****.]
Gold:   3473       SH:  0    Dex: 17    Spells: 23/50 levels left

rFire   + . .        a - +3 giant club "Skullcrusher" {speed, Str+7}
rCold   + + +        (shield currently unavailable)
rNeg    + . .        C - +12 pearl dragon scales "Jarurchao" {rC++ rN+}
rPois   +            d - +1 hat {SInv}
rElec   +            u - +2 cloak {Will+}
rCorr   .            (gloves unavailable)
SInv    +            (boots unavailable)
Will    +++..        M - dreamshard necklace {Acrobat *Dream}
Stlth   +            c - ring "Xekubb" {rPois rF+ rC+ Dex+6}
HPRegen 0.73/turn    E - ring "Waneheor" {rElec rPois Str+8 Int-3 Dex-2}
MPRegen 0.26/turn

%: acrobat, clarity
@: hasted (expiring), studying 4 skills, very quick
A: large, unfitting armour, horns 1, tough skin 1, double potion healing,
drunken brawling, thin skeletal structure 1, clarity, clever 1, sense
surroundings 1, wild magic 1
0: Orb of Zot
}: 4/15 runes: decaying, silver, abyssal, gossamer
a: Renounce Religion, Depart the Abyss, Banish, Corrupt, Enter the Abyss


You escaped.
You worshipped Lugonu.
Lugonu was extremely pleased with you.
You visited 11 branches of the dungeon, and saw 51 of its levels.
You visited the Abyss 1 time.
You also visited: Trove, Ossuary and Ice Cave.

You collected 8780 gold pieces.
You spent 5307 gold pieces at shops.

Inventory:

Hand Weapons
 a - the +3 giant club "Skullcrusher" (weapon) {speed, Str+7}
   (You bought it in a shop on level 2 of the Orcish Mines)

   Str+7:     It affects your strength (+7).
 b - a +9 giant spiked club of electrocution
   (You took it off a two-headed ogre on level 14 of the Dungeon)
Missiles
 w - 126 large rocks (quivered)
 Z - 5 throwing nets {=!f}
Armour
 d - a +1 hat of see invisible (worn)
   (You found it on level 4 of the Spider Nest)
 s - the crystal ball of Wucad Mu {*channel}
   (You took it off a vampire knight on level 2 of the Realm of Zot)

   *Channel:  It often returns the magic spent to cast spells, but lowers their
   success rate.
   It always returns the magic spent on miscasts.
 u - a +2 cloak of willpower (worn)
   (You bought it in a shop on level 2 of the Orcish Mines)
 x - +10 gold dragon scales
   (You found it on level 4 of the Depths)
 C - the +12 pearl dragon scales "Jarurchao" (worn) {rC++ rN+}
   (Okawaru gifted it to you in an ice cave)

   rC++:      It greatly protects you from cold.
   rN+:       It protects you from negative energy.
 I - a +2 cloak of poison resistance
   (You took it off a draconian annihilator on level 5 of the Realm of Zot)
Jewellery
 c - the ring "Xekubb" (left hand) {rPois rF+ rC+ Dex+6}
   (You bought it in a shop on level 3 of the Depths)

   [ring of dexterity]

   Dex+6:     It affects your dexterity (+6).
   rF+:       It protects you from fire.
   rC+:       It protects you from cold.
   rPois:     It protects you from poison
 r - an amulet of regeneration
   (You found it on level 12 of the Dungeon)
 E - the ring "Waneheor" (right hand) {rElec rPois Str+8 Int-3 Dex-2}
   (You found it on level 14 of the Dungeon)

   [ring of poison resistance]

   Str+8:     It affects your strength (+8).
   Int-3:     It affects your intelligence (-3).
   Dex-2:     It affects your dexterity (-2).
   rElec:     It insulates you from electricity.
   rPois:     It protects you from poison
 F - the amulet of Poazxewn {Faith rPois rF++ Will- Slay+2}
   (You found it in a treasure trove)

   [amulet of faith]

   Faith:     It allows you to gain divine favour quickly.
   Slay+2:    It affects your accuracy & damage with ranged weapons and melee
   (+2).
   rF++:      It greatly protects you from fire.
   rPois:     It protects you from poison Will-: It decreases your willpower.
 G - a +6 ring of strength
   (You found it on level 3 of the Realm of Zot)
 J - an amulet of magic regeneration
   (You found it on level 6 of the Dungeon)
 M - the dreamshard necklace (around neck) {Acrobat *Dream}
   (You found it on level 3 of the Crypt)

   [amulet of the acrobat]

   *Dream:    It absorbs a single lethal wound into itself, holding its wearer
   just short of death and releasing dream-creatures to guard them.
   Acrobat:   It increases your evasion while moving and waiting.
 W - the ring of Xoqus {rC- rN+ Dex+7 SInv}
   (You found it in an ice cave)

   [ring of see invisible]

   Dex+7:     It affects your dexterity (+7).
   rC-:       It makes you vulnerable to cold.
   rN+:       It protects you from negative energy.
   SInv:      It lets you see invisible.
Wands
 A - a wand of quicksilver (19)
   (You took it off Ijyb on level 4 of the Dungeon)
 D - a wand of digging (8)
   (You found it on level 1 of the Lair of Beasts)
Scrolls
 l - 8 scrolls of fear
 p - 6 scrolls of poison
 y - 2 scrolls of silence
 z - 4 scrolls of immolation
 B - 16 scrolls of blinking
 L - 8 scrolls of revelation
 N - 7 scrolls of fog
 T - 21 scrolls of teleportation
Potions
 e - 11 potions of mutation
 g - 4 potions of invisibility
 h - 10 potions of attraction
 i - 5 potions of berserk rage
 j - 9 potions of cancellation
 k - 6 potions of might
 m - 6 potions of ambrosia
 n - 12 potions of brilliance
 o - 25 potions of heal wounds
 q - 13 potions of enlightenment
 t - 4 potions of resistance
 v - 8 potions of magic
 H - 2 potions of haste
 Q - 31 potions of curing


   Skills:
 O Level 27 Fighting
 - Level 25.0 Maces & Flails
 - Level 1.0 Throwing
 - Level 23.8 Armour
 - Level 13.0 Dodging
 - Level 7.4 Stealth
 - Level 12.2 Spellcasting
 - Level 12.0 Translocations
 + Level 2.2 Air Magic
 + Level 3.7 Earth Magic
 - Level 21.6 Invocations
 - Level 2.0 Evocations


You had 23 spell levels left.
You knew the following spells:

 Your Spells              Type           Power      Damage    Failure   Level
a - Passage of Golubria   Tloc           61%        N/A       1%          4
b - Gell's Gravitas       Tloc           61%        N/A       1%          3
c - Manifold Assault      Tloc           61%        N/A       1%          4
d - Teleport Other        Tloc           61%        N/A       1%          3
e - Blink                 Tloc           100%       N/A       1%          2
f - Apportation           Tloc           100%       N/A       1%          1
g - Passwall              Erth           30%        N/A       10%         3
h - Vhi's Electric Charg  Tloc/Air       88%        N/A       8%          4
i - Swiftness             Air            23%        N/A       16%         3

Your spell library contained the following spells:

 Spells                   Type           Power      Damage    Failure   Level
 Lesser Beckoning         Tloc           100%       N/A       1%          2
 Momentum Strike          Conj/Tloc      80%        3d10      2%          2
 Volatile Blastmotes      Fire/Tloc      80%        2d16      4%          3
 Dimensional Bullseye     Hex/Tloc       20%        N/A       12%         4
 Iskenderun's Mystic Bla  Conj/Tloc      40%        2d9       12%         4
 Mercury Vapours          Alch/Air       36%        N/A       13%         2
 Static Discharge         Conj/Air       36%        3-5/arc   13%         2
 Magic Dart               Conj           52%        1d5       14%         1
 Necrotise                Necr           52%        1d6       14%         1
 Sting                    Conj/Alch      52%        1d6       14%         1
 Cigotuvi's Dreadful Rot  Necr/Alch/Air  32%        N/A       16%         2
 Call Imp                 Summ           26%        N/A       21%         2
 Ensorcelled Hibernation  Hex/Ice        26%        N/A       21%         2
 Jinxbite                 Hex            26%        N/A       21%         2
 Scorch                   Fire           26%        2d6       21%         2
 Sublimation of Blood     Necr           13%        N/A       21%         2
 Mephitic Cloud           Conj/Alch/Air  16%        N/A       28%         3
 Summon Forest            Summ/Tloc      20%        N/A       30%         5
 Dazzling Flash           Conj/Hex       26%        N/A       36%         3
 Frozen Ramparts          Ice            26%        1d4       36%         3
 Hailstorm                Conj/Ice       13%        3d6       36%         3
 Inner Flame              Hex/Fire       13%        N/A       36%         3
 Summon Ice Beast         Ice/Summ       13%        N/A       36%         3
 Tukima's Dance           Hex            13%        N/A       36%         3
 Vampiric Draining        Necr           13%        2d6       36%         3
 Airstrike                Air            11%        2d(2-18)  45%         4
 Animate Armour           Summ/Erth      42%        N/A       47%         4
 Leda's Liquefaction      Alch/Erth      10%        N/A       47%         4
 Petrify                  Alch/Erth      21%        N/A       47%         4
 Summon Lightning Spire   Summ/Air       18%        N/A       58%         4
 Lee's Rapid Deconstruct  Erth           15%        3d10*     58%         5
 Anguish                  Hex/Necr       6%         N/A       75%         4
 Cause Fear               Hex            6%         N/A       75%         4
 Dispel Undead            Necr           13%        3d9       75%         4
 Flame Wave               Conj/Fire      13%        2d6       75%         4
 Ignite Poison            Fire/Alch      13%        N/A       75%         4
 Martyr's Knell           Necr/Summ      13%        N/A       75%         4
 Olgreb's Toxic Radiance  Alch           13%        N/A       75%         4
 Sticky Flame             Fire/Alch      13%        2d5       75%         4
 Summon Blazeheart Golem  Fire/Summ      13%        N/A       75%         4
 Borgnjor's Vile Clutch   Necr/Erth      10%        N/A       82%         5
 Arcjolt                  Conj/Air       9%         1d19      89%         5
 Silence                  Hex/Air        9%         N/A       89%         5
 Freezing Cloud           Conj/Ice/Air   8%         6-21      92%         5
 Alistair's Intoxication  Alch           8%         N/A       97%         5
 Curse of Agony           Necr           13%        N/A       97%         5
 Fireball                 Conj/Fire      6%         3d5       97%         5
 Irradiate                Conj/Alch      6%         3d13      97%         5
 Metabolic Englaciation   Hex/Ice        6%         N/A       97%         5
 Yara's Violent Unravell  Hex/Alch       6%         3d5       97%         5
 Disjunction              Tloc           30%        N/A       99%         8
 Bombard                  Conj/Erth      10%        9d3       100%        6
 Conjure Ball Lightning   Conj/Air       9%         3x3d6     100%        6
 Death Channel            Necr           6%         N/A       100%        6
 Eringya's Noxious Bog    Alch           6%         4d6       100%        6
 Sculpt Simulacrum        Ice/Alch       6%         N/A       100%        6
 Starburst                Conj/Fire      6%         6d4       100%        6
 Summon Cactus Giant      Summ           6%         N/A       100%        6
 Enfeeble                 Hex            6%         N/A       100%        7
 Orb of Destruction       Conj           6%         9d6       100%        7
 Spellforged Servitor     Conj/Summ      6%         N/A       100%        7
 Summon Hydra             Summ           6%         N/A       100%        7
 Discord                  Hex            6%         N/A       100%        8
 Ignition                 Fire           6%         3d4       100%        8
 Infestation              Necr           6%         N/A       100%        8
 Lehudib's Crystal Spear  Conj/Erth      10%        10d4      100%        8
 Maxwell's Capacitive Co  Air            11%        ∞         100%        8
 Chain Lightning          Conj/Air       9%         3d12      100%        9
 Dragon's Call            Summ           6%         N/A       100%        9
 Fire Storm               Conj/Fire      6%         8d2       100%        9
 Shatter                  Erth           15%        3d15*     100%        9


Dungeon Overview and Level Annotations

Branches:
Dungeon (15/15)            Temple (1/1) D:5            Lair (5/5) D:10
  Swamp (4/4) Lair:2       Spider (4/4) Lair:3        Slime (0/5) Lair:4
    Orc (2/2) D:9             Elf (3/3) Orc:2        Vaults (5/5) D:14
  Crypt (3/3) Vaults:3       Tomb (0/3) Crypt:3      Depths (4/4) D:15
    Zot (5/5) Depths:4    Ossuary (visited)           IceCv (visited)

Altars:
Ashenzari
Cheibriados
Dithmenos
Elyvilon
Fedhas
Gozag
Hepliaklqana
Kikubaaqudgha
Makhleb
Nemelex Xobeh
Okawaru
Qazlal
Ru
Sif Muna
Trog
Uskayaw
Vehumet
Wu Jian
Xom
Yredelemnul
Zin
The Shining One
Jiyva

Shops:
D:1 !   D:14 ((?[   Orc:2 (([   Elf:1 !   Vaults:5 !?!!   Depths:3 =:(

Portals:
Hell: Depths:1 Depths:2 Depths:3 Depths:4
Abyss: Depths:3 Depths:4
Pandemonium: Depths:2 Depths:3 Depths:4
Ziggurat: Depths:3

Annotations:
Zot:1 2 transporters, case's ghost, veteran MiBe
Zot:4 2 transporters, Cuhyol's ghost, veteran MfSh


Innate Abilities, Weirdness & Mutations

You are too large for most types of armour.
You have a pair of small horns on your head.
You have tough skin. (AC +1)
You gain doubled healing and magic from potions.
Whenever you drink a healing potion, you attack all around you.
You have a somewhat thin skeletal structure. (Dex +2, Stealth+)
You possess an exceptional clarity of mind.
Your mind is acute. (Int +4, Str/Dex -1)
You passively map a small area around you.
Your spells are a little harder to cast, but a little more powerful.


Message History

An Orb Guardian comes into view.
You regained 12 hp, and now have 268/323 hp.
You closely miss the Orb Guardian. Your headbutt misses the Orb Guardian.
You pound the Orb Guardian like an anvil!!!
You headbutt the Orb Guardian!
The Orb Guardian is almost dead.
The Orb Guardian hits you.
You take 3 damage, and have 273/323 hp.
You closely miss the Orb Guardian. Your headbutt misses the Orb Guardian.
The Orb Guardian is almost dead.
The Orb Guardian completely misses you.
You completely miss the Orb Guardian.
The Orb Guardian is almost dead.
You pound the Orb Guardian like an anvil!!!
You kill the Orb Guardian!
Lugonu accepts your kill.
No target in view!
You see here a +0 dagger.
There is a stone staircase leading up here.
You start resting.
You feel a little less mighty now.
You regained 2 hp, and now have 288/323 hp.
You start resting.
HP restored.
Health restored: 323 You climb upwards.
There is a stone staircase leading down here.
A sixfirhy comes into view.
A sixfirhy comes into view.
The sixfirhy misses you.
You miss the sixfirhy. The sixfirhy closely misses you.
You sock the sixfirhy! You headbutt the sixfirhy!
The sixfirhy is severely wounded.
The sixfirhy closely misses you.
You bludgeon the sixfirhy!!
You kill the sixfirhy!
Lugonu accepts your kill. The sixfirhy misses you.
You barely miss the sixfirhy. The sixfirhy barely misses you.
You crush the sixfirhy like a grape!!!
You kill the sixfirhy!
Lugonu accepts your kill.
Your Air Magic skill increases to level 2!
No target in view!
You can't go up here!
A cacodemon comes into view.
An orange demon comes into view.
The cacodemon shouts!
The orange demon screeches!
The cacodemon hits you but does no damage. x2
You closely miss the cacodemon.
You headbutt the cacodemon, but do no damage.
You completely miss the cacodemon. The cacodemon gestures at you.
The bolt of devastation hits you!!
Your willpower is stripped away!
You take 33 damage, and have 290/323 hp.
You bludgeon the cacodemon!! Your headbutt misses the cacodemon.
The cacodemon is moderately wounded.
You flatten the cacodemon like a pancake!!!
You headbutt the cacodemon, but do no damage.
The cacodemon is severely wounded.
The cacodemon hits you but does no damage. x2
You hit the cacodemon. Your headbutt misses the cacodemon.
The cacodemon is severely wounded.
You flatten the cacodemon like a pancake!!!!
You kill the cacodemon!
Lugonu accepts your kill.
The orange demon stings you but does no damage.
The orange demon completely misses you.
You flatten the orange demon like a pancake!!!
Your headbutt misses the orange demon.
The orange demon is severely wounded.
You crush the orange demon like a grape!!!
You kill the orange demon!
Lugonu accepts your kill.
No target in view!
You see here a +0 whip.
You feel your willpower return.
There is a stone staircase leading up here.
You climb upwards.
There is a stone staircase leading down, spattered with blood here.
You regained 13 hp, and now have 306/323 hp.
HP restored.
There is a stone staircase leading up here.
You climb upwards.
There is a stone staircase leading down here.
Health restored: 323
There is a stone staircase leading up here.
You climb upwards.
There is a stone staircase leading down here.
A hellion comes into view.
Casting: Passwall (mildly dangerous; 10% risk of failure)
Confirm with . or Enter, or press ? or * to list all spells.
You miscast Manifold Assault.
You are very lightly contaminated with residual magic.
Nothing appears to happen.
You now have 35/39 mp.
Casting: Manifold Assault (mildly dangerous; 1% risk of failure)
Confirm with . or Enter, or press ? or * to list all spells.
Space momentarily warps into an impossible shape!
You beat the hellion like a drum!!!
You kill the hellion!
Lugonu accepts your kill.
You now have 31/39 mp.
A sun demon comes into view.
The sun demon shouts!
Things that are here:
a stone; a +0 dagger
There is a stone staircase leading up here.
Your magical contamination has completely faded away.
You climb upwards.
There is a stone staircase leading down here.
An Isitar, a red devil and a lich come into view.
The lich shouts!
A shadow demon comes into view.
There is a stone staircase leading up here.
You climb upwards.
There is a stone staircase leading down here.
You feel yourself speed up.
An Orb Guardian comes into view.
A hellion comes into view.
There is an open door here.
Casting: Manifold Assault (mildly dangerous; 1% risk of failure)
Confirm with . or Enter, or press ? or * to list all spells.
Aiming: Passwall (mildly dangerous; 10% risk of failure)
Press: ? - help, Dir - move target A rock wall.
This square is covered in magical glow.
You begin to meditate on the wall.
You continue meditating on the rock. x2
You finish merging with the rock.
You now have 36/39 mp.
Casting: Passwall (mildly dangerous; 10% risk of failure)
Confirm with . or Enter, or press ? or * to list all spells.
Aiming: Passwall (mildly dangerous; 10% risk of failure)
Press: ? - help, Dir - move target A rock wall.
This square is covered in magical glow.
You begin to meditate on the wall.
You continue meditating on the rock. x3
You finish merging with the rock.
Splash!
You fall into the shallow water.
You now have 34/39 mp.
You enter the shallow water.
You enter the shallow water.
Your extra speed is starting to run out.
There is a staircase leading out of the dungeon here.
As you read the scroll of brand weapon, it crumbles to dust.
Your +9 vampiric giant spiked club crackles with electricity.
b - a +9 giant spiked club of electrocution Char dumped successfully.
You have escaped!

.# ########.~~~~.###.#.#.~# #..
'####.....).....~...#.#.#.~# #..
......#########.~~~.#.#.#.~# ##.
......#...........~...#.#.~# ##
......#.###.~~~~~.~~~.#...~# ####
......#.#...~...~...~.#.~~~# #.#
......###.~~~.~.~~~.~.#.~.####.#
......#...~...~.....~...~.#....#
......#.~~~.~~~.@.~~~.~~~.#.##.##
......#.~...~.....~...~...#.##.##
+######.~.#.~.~~~.~.~~~.###.##.##
.# #~~~.#.~...~...~...#.#.##.##
.# #~.[.#.~~~.~~~~~.###.#.##.#.
.# #~.#.#...~...........#.##.#.
.# #~.#.#.#.~~~.#########.##.#.
.# #~.#.#.#...~...........##...
.### #~.#.#.###.~~~~(######.#..##


There were no monsters in sight!

Vanquished Creatures
  11 dread liches
  4 orbs of fire
  Frederick (Crypt:1)
  2 ancient liches (Zot:5)
  7 Killer Klowns
  Saint Roka (Vaults:1)
  4 caustic shrikes
  A pandemonium lord (D:9)
  The ghost of Harhicoo the Slayer, an adept MiBe of Trog (Vaults:1)
  13 golden dragons
  The ghost of Ruxt the Slayer, an adept MiFi of Qazlal (Vaults:1)
  A profane servitor (Crypt:3)
  2 bone dragons
  Arachne (Spider:3)
  The ghost of RepHenryClay the Marksgnoll, an adept GnHu of Okawaru (Vaults:1)
  A Brimstone Fiend (Depths:2)
  A hellephant (Abyss:3)
  4 electric golems
  14 tentacled monstrosities
  5 deep elf blademasters
  26 Orb Guardians
  6 sphinxes
  Asterion (Spider:2)
  A walking frostbound tome (Depths:4)
  The ghost of Cexaud the Fencer, an adept DjCK of Xom (Vaults:1)
  5 deep elf master archers
  The ghost of bmb222 the Fencer, an adept MiDe of Dithmenos (Spider:2)
  7 liches
  8 titans
  7 ancient champions
  A tentacled starspawn (Abyss:3)
  6 quicksilver dragons
  The ghost of Feshunla the Bewitcher, an adept KoEn of Dithmenos (Vaults:1)
  The ghost of Feshunla the Bewitcher, an adept KoEn of Dithmenos (Vaults:1)
  9 death cobs
  7 tengu reavers
  A thorn hunter (Swamp:4)
  13 storm dragons
  5 shadow dragons
  2 protean progenitors (Zot:3)
  The ghost of Kevimi the Acrobat, an adept FeNe of Sif Muna (Vaults:1)
  The ghost of Kevimi the Acrobat, an adept FeNe of Sif Muna (Vaults:1)
  Aizul (Spider:2)
  The ghost of Wedibyb the Impaler, an adept DsGl of Gozag (Elf:2)
  8 draconian monks
  2 daevas (Depths:3)
  6 draconian knights
  2 azure jellies (IceCv)
  A revenant (Crypt:3)
  4 iron dragons
  12 fire giants
  3 draconian shifters
  4 deep elf sorcerers
  5 curse skulls
  2 draconian scorchers
  15 frost giants
  16 vault wardens
  5 spectral caustic shrikes (Depths:1)
  4 ghost moths
  8 emperor scorpions
  A caustic shrike zombie (Crypt:1)
  2 reapers
  A juggernaut zombie (Crypt:3)
  7 orc warlords
  2 deep elf elementalists
  7 draconian annihilators
  The ghost of swappor the Severer, a journeyman MiBe of Trog (Lair:4)
  6 draconian stormcallers
  3 angels (Depths:3)
  2 cacodemons
  21 ironbound preservers
  9 ghouls
  A quicksilver ooze (IceCv)
  28 very ugly things
  A formless jellyfish (Vaults:1)
  The ghost of Pixtaico the Unseen, an adept FeNe of Elyvilon (Vaults:1)
  17 stone giants
  9 black draconians
  9 ironbound thunderhulks
  4 green draconians
  10 vampire knights
  A starcursed mass (Abyss:3)
  6 war gargoyles
  12 dire elephants
  9 yellow draconians
  12 deep elf demonologists
  2 eleionomae
  9 deep elf annihilators
  Azrael (Spider:1)
  9 deep elf death magi
  5 purple draconians
  15 spark wasps
  The ghost of xnavy the Fighter, a journeyman DrCA of Ignis (Lair:1)
  10 red draconians
  5 white draconians
  A bunyip (Swamp:4)
  A blizzard demon (Abyss:3)
  6 ettins
  2 crystal guardians (Elf:1)
  6 eidola
  Josephine (D:11)
  Snorg (D:14)
  8 entropy weavers
  A merfolk javelineer (Depths:1)
  A mummy priest (Crypt:3)
  4 jiangshi
  6 spriggan zombies (Crypt:3)
  2 shambling mangroves (Swamp:4)
  7 yaktaur captains
  6 deep elf high priests
  4 fire dragons
  A hell beast (D:8)
  6 ice dragons
  22 hydras
  8 great orbs of eyes
  2 spriggan air magi
  5 ogre magi
  4 catoblepae
  29 vault guards
  3 death knights (Crypt:3)
  6 alligators
  2 jorogumos
  5 radroaches
  5 centaur warriors
  2 ghost crabs
  9 ironbound frosthearts
  7 two-headed ogres
  7 deep troll shamans
  A sphinx skeleton (Vaults:3)
  13 boulder beetles
  22 dancing weapons
  The ghost of RepHenryClay the Magician, a novice GnWr of Okawaru (D:9)
  5 deep troll earth magi
  A shock serpent (shapeshifter) (Vaults:5)
  4 tengu warriors
  3 spriggan berserkers
  4 orc high priests
  6 vampire magi
  2 thrashing horrors (Abyss:3)
  7 demonic crawlers
  2 sun demons (Depths:3)
  4 occultists (Depths:3)
  3 skysharks
  A storm dragon zombie (Crypt:1)
  Sonja (D:13)
  2 soul eaters (Crypt:2)
  27 spriggans
  17 deep elf knights
  3 sixfirhies
  7 pharaoh ants
  10 iron trolls
  4 goliath frogs
  18 skeletal warriors
  A cherub (Depths:3)
  3 death drakes
  4 flayed ghosts
  3 anaconda zombies (Crypt:3)
  7 spriggan druids
  40 deep trolls
  2 sea snakes (Depths:1)
  5 bog bodies
  A spatial maelstrom (Abyss:3)
  7 glowing orange brains
  An iron giant skeleton (Crypt:2)
  13 swamp dragons
  An orb spider (shapeshifter) (Elf:2)
  2 arcanists
  2 obsidian statues
  A sun moth (Spider:1)
  29 phantasmal warriors
  11 steelbarb worms
  16 ironbound convokers
  2 mana vipers (Depths:1)
  2 deep trolls (shapeshifter)
  9 orb spiders
  9 deep elf archers
  6 large abominations
  Pikel (D:5)
  8 necromancers
  12 lindwurms
  An anaconda skeleton (Crypt:1)
  25 deep elf pyromancers
  21 deep elf zephyrmancers
  A broodmother zombie (Crypt:1)
  3 orc sorcerers
  A stone giant zombie (Vaults:3)
  A frost giant zombie (Vaults:2)
  16 orc knights
  A fire giant zombie (Vaults:3)
  An oklob plant (Lair:5)
  6 manticores
  An alligator skeleton (Crypt:1)
  4 cyclopes
  31 ugly things
  25 wolf spiders
  A worldbinder (Abyss:3)
  A faun (shapeshifter) (Vaults:5)
  18 moths of wrath
  A shining eye (Abyss:3)
  A will-o-the-wisp (Swamp:3)
  10 black mambas
  An elephant (shapeshifter) (Vaults:5)
  2 naga zombies (Crypt:3)
  7 kobold blastminers (Orc:2)
  12 meliai
  5 elephants
  A dire elephant zombie (Crypt:3)
  A fire giant skeleton (Vaults:3)
  10 vault sentinels
  18 eyes of devastation (Depths:2)
  An orange demon (D:6)
  3 ice statues (IceCv)
  3 gargoyles (D:12)
  A rust devil (Depths:3)
  A naga mage (Depths:1)
  A molten gargoyle (Depths:1)
  18 cane toads
  4 rime drakes (Lair:1)
  A kobold demonologist (D:14)
  7 human zombies
  3 torpor snails
  3 efreet
  A hellion (D:3)
  An elephant slug zombie (Crypt:1)
  A mana viper skeleton (Crypt:2)
  A tormentor (Depths:2)
  6 freezing wraiths
  38 yaktaurs
  7 catoblepas skeletons (Abyss:3)
  5 tengu conjurers
  12 komodo dragons
  2 guardian mummies (Crypt:1)
  A red draconian skeleton (Crypt:2)
  2 ancient zymes
  8 human skeletons
  A tengu simulacrum (Vaults:1)
  A hydra skeleton (Crypt:2)
  A harpy zombie (Crypt:3)
  23 hornets
  A hydra zombie (Crypt:3)
  Grinder (D:4)
  9 trolls
  17 tyrant leeches
  A tarantella (shapeshifter) (Elf:2)
  24 tarantellas
  A moth of wrath zombie (Crypt:2)
  6 dream sheep (Lair:5)
  4 glass eyes
  Sigmund (D:4)
  13 blink frogs
  A human simulacrum (Vaults:3)
  An ettin zombie (Vaults:3)
  47 slime creatures
  38 jumping spiders
  A centaur simulacrum (D:15)
  6 water elementals
  An ettin skeleton (Crypt:1)
  A vampire (D:12)
  A shadow (Crypt:3)
  10 culicivoras
  A fire dragon skeleton (Crypt:1)
  5 ynoxinuls
  18 wraiths
  4 air elementals
  A naga simulacrum (Crypt:1)
  A black mamba skeleton (Crypt:1)
  76 yaks
  5 fire elementals
  5 golden eyes
  7 wyverns
  12 basilisks
  4 neqoxecs
  4 wargs
  24 vampire mosquitoes
  3 steam dragons
  77 redbacks
  A glowing shapeshifter zombie (Vaults:3)
  3 spatial vortices (Abyss:3)
  A deep troll zombie (Crypt:3)
  20 swamp worms
  A demonspawn zombie (Crypt:1)
  A wind drake skeleton (Crypt:2)
  Edmund (D:5)
  An acid dragon (D:8)
  A naga (shapeshifter) (D:14)
  An ogre skeleton (Vaults:1)
  26 water moccasins
  3 great orb of eyes simulacra (IceCv)
  2 glowing shapeshifter skeletons
  3 hell hounds (Spider:1)
  7 swamp drakes (Swamp:4)
  38 orc warriors
  2 sky beasts
  A cane toad skeleton (Crypt:2)
  A meliai simulacrum (D:13)
  2 black bears
  3 ice beasts
  10 ogres
  12 laughing skulls
  2 small abominations (Abyss:3)
  A wolf (Lair:5)
  A boggart (Vaults:3)
  A dream sheep skeleton (Crypt:1)
  An elephant skeleton (Crypt:1)
  8 centaurs
  6 slime creature simulacra (IceCv)
  4 lemures (D:5)
  A manticore skeleton (Crypt:2)
  3 phantoms
  2 kobold brigands (D:8)
  5 elf zombies (Elf:1)
  25 bullfrogs
  14 necrophages
  A salamander skeleton (Crypt:2)
  12 earth elementals
  4 glowing shapeshifter simulacra (IceCv)
  2 gnoll sergeants
  8 wights
  5 wyvern skeletons (Crypt:3)
  6 killer bees (D:7)
  7 howler monkeys
  3 electric eels (Elf:3)
  3 centaur zombies (Ossuary)
  19 orc priests
  8 jellies
  24 orc wizards
  Ijyb (D:4)
  Terence (D:3)
  2 iguanas
  Natasha (thrice) (D:3)
  3 shapeshifter simulacra (IceCv)
  2 ogre zombies (Ossuary)
  A deep dwarf skeleton (Crypt:1)
  10 mummies
  12 gnolls
  6 adders
  A white imp (D:5)
  2 adder zombies (Ossuary)
  4 dart slugs
  A ribbon worm (D:5)
  66 orcs
  12 ball pythons
  14 endoplasms
  2 giant cockroaches
  A gnoll zombie (Ossuary)
  14 goblins
  7 hobgoblins
  4 jackals (D:2)
  4 quokkas
  6 bats
  4 frilled lizards
  6 goblin zombies (Ossuary)
  5 hobgoblin zombies (Ossuary)
  6 kobolds
  5 kobold zombies (Ossuary)
  3 quokka zombies (Ossuary)
  2 rats (D:2)
  3 rat zombies (Ossuary)
  2 aspiring fleshes (Zot:3)
  A butterfly (Lair:1)
2420 creatures vanquished.

Vanquished Creatures (collateral kills)
  A bombardier beetle (D:4)
  3 gnolls (D:4)
  A giant cockroach (D:4)
  A goblin (D:4)
6 creatures vanquished.

Vanquished Creatures (others)
  A red draconian (Zot:2)
  A rakshasa (Abyss:3)
  A hornet (Swamp:4)
  A fire bat (Abyss:3)
  A chaos spawn (Abyss:3)
  A white imp (D:9)
  6 foxfires (Swamp:3)
  2 starspawn tentacles (Abyss:3)
14 creatures vanquished.

Grand Total: 2440 creatures vanquished

Notes
Turn   | Place    | Note
-------+----------+-------------------------------------------
     0 | D:1      | mdonais the Oni Warper began the quest for the Orb.
     0 | D:1      | Reached XP level 1. HP: 22/22 MP: 3/3
    50 | D:1      | Reached skill level 3 in Fighting
   127 | D:1      | Reached XP level 2. HP: 30/31 MP: 5/5
   130 | D:1      | Learned a level 2 spell: Blink
   539 | D:1      | Found Woileif's Distillery.
   581 | D:1      | Reached XP level 3. HP: 37/39 MP: 6/6
   690 | D:1      | Found a faded altar of an unknown god.
  1090 | D:2      | Reached skill level 4 in Fighting
  1203 | D:2      | Reached XP level 4. HP: 8/49 MP: 7/7
  1781 | D:1      | Bought a potion of heal wounds for 70 gold pieces
  1801 | D:3      | Found the +7 staff of the Meek {protect, meekguard}
  1928 | D:3      | Reached skill level 5 in Fighting
  1974 | D:3      | Learned a level 3 spell: Gell's Gravitas
  2044 | D:3      | Noticed Terence
  2121 | D:3      | Reached XP level 5. HP: 57/57 MP: 8/8
  2406 | D:1      | Bought a potion of curing for 42 gold pieces
  2462 | D:4      | Noticed Ijyb
  2597 | D:4      | Reached skill level 6 in Fighting
  2661 | D:4      | Noticed Grinder
  2692 | D:4      | Killed Grinder
  2693 | D:4      | Reached skill level 7 in Fighting
  2693 | D:4      | Reached skill level 8 in Fighting
  2693 | D:4      | Reached XP level 6. HP: 55/74 MP: 9/9
  2730 | D:4      | Learned a level 4 spell: Manifold Assault
  2934 | D:4      | Reached XP level 7. HP: 34/81 MP: 10/10
  2937 | D:4      | Reached skill level 9 in Fighting
  3074 | D:4      | Killed Ijyb
  3253 | D:4      | Noticed Sigmund
  3253 | D:4      | Noticed Natasha
  3269 | D:3      | Killed Natasha
  3282 | D:3      | Noticed Natasha
  3288 | D:3      | Killed Natasha
  3289 | D:3      | Reached skill level 10 in Fighting
  3384 | D:3      | Noticed Natasha
  3388 | D:3      | Killed Natasha
  3623 | D:3      | Killed Terence
  3767 | D:4      | Killed Sigmund
  3768 | D:4      | Reached XP level 8. HP: 83/93 MP: 11/13
  3917 | D:5      | Entered Level 5 of the Dungeon
  3922 | D:5      | Found a sand-covered staircase.
  3949 | D:5      | Found a staircase to the Ecumenical Temple.
  3951 | D:5      | Identified the orb of Grace {guile, Fly rF+ rN++}
  3960 | Temple   | Entered the Ecumenical Temple
  3978 | D:5      | Noticed Pikel
  3996 | Ossuary  | Entered an ossuary
  4131 | Ossuary  | Reached skill level 1 in Evocations
  4933 | D:5      | Killed Pikel
  4934 | D:5      | Reached skill level 12 in Fighting
  4934 | D:5      | Reached XP level 9. HP: 99/106 MP: 15/15
  5602 | D:5      | Noticed Edmund
  5610 | D:5      | Killed Edmund
  5611 | D:5      | Reached skill level 5 in Spellcasting
  5985 | D:1      | Bought a potion of invisibility for 112 gold pieces
  6189 | D:6      | Reached skill level 5 in Translocations
  6257 | D:6      | Learned a level 3 spell: Teleport Other
  7869 | D:7      | Reached skill level 13 in Fighting
  7872 | D:7      | Reached XP level 10. HP: 54/119 MP: 19/19
  8468 | D:7      | Reached skill level 14 in Fighting
  8783 | D:7      | Found a glowing golden altar of the Shining One.
  8783 | D:7      | Found a blossoming altar of Fedhas.
  9017 | D:8      | Reached skill level 5 in Maces & Flails
 10300 | D:9      | Found a sacrificial altar of Ru.
 10489 | D:9      | Noticed a two-headed ogre
 10493 | D:9      | Killed a two-headed ogre
 10494 | D:9      | Reached XP level 11. HP: 130/130 MP: 5/20
 10563 | D:9      | Found a runed translucent door.
 10569 | D:9      | Noticed RepHenryClay's ghost (novice GnWr)
 10598 | D:9      | Found a staircase to the Orcish Mines.
 10849 | D:10     | Entered Level 10 of the Dungeon
 11165 | D:10     | Noticed a two-headed ogre
 11176 | D:10     | Killed a two-headed ogre
 11218 | D:10     | Reached skill level 10 in Maces & Flails
 11519 | D:10     | Found an ancient bone altar of Kikubaaqudgha.
 11524 | D:10     | Found a sparkling altar of Nemelex Xobeh.
 11525 | D:10     | Found a shimmering altar of Xom.
 11526 | D:10     | Found a hide-covered altar of Uskayaw.
 11526 | D:10     | Found an iron altar of Okawaru.
 11526 | D:10     | Found a hazy altar of Hepliaklqana.
 11527 | D:10     | Found a white marble altar of Elyvilon.
 11534 | D:10     | Became a worshipper of Warmaster Okawaru
 11610 | D:10     | Found a glowing silver altar of Zin.
 11658 | D:10     | Found a staircase to the Lair.
 11743 | D:10     | Found a shimmering blue altar of Sif Muna.
 11979 | D:10     | Noticed a two-headed ogre
 11992 | D:10     | Killed a two-headed ogre
 11992 | D:10     | Reached * piety under Okawaru
 12147 | D:10     | Noticed a deep elf pyromancer
 12147 | D:10     | Noticed a white ugly thing
 12174 | D:10     | Killed a deep elf pyromancer
 12196 | D:10     | Reached ** piety under Okawaru
 12337 | D:10     | Noticed a centaur warrior
 13082 | D:10     | Killed a centaur warrior
 13293 | D:10     | Killed a white ugly thing
 13328 | D:10     | HP: 4/131 [yaktaur/bolt (23)]
 13998 | Lair:1   | Entered Level 1 of the Lair of Beasts
 14017 | Lair:1   | Reached XP level 12. HP: 134/140 MP: 21/21
 14069 | Lair:1   | Reached skill level 1 in Invocations
 14069 | Lair:1   | Noticed a boulder beetle
 14074 | Lair:1   | Reached *** piety under Okawaru
 14125 | Lair:1   | Found a transporter.
 14129 | Lair:1   | Noticed xnavy's ghost (journeyman DrCA)
 14277 | Lair:1   | Reached skill level 15 in Fighting
 14407 | Lair:1   | Found a transporter.
 14421 | Lair:1   | Reached **** piety under Okawaru
 14667 | Lair:1   | Reached skill level 16 in Fighting
 14948 | Lair:1   | Reached ***** piety under Okawaru
 15700 | Lair:2   | Reached skill level 17 in Fighting
 15917 | Lair:2   | Received a gift from Okawaru
 16155 | Lair:2   | Reached XP level 13. HP: 156/156 MP: 10/22
 16438 | Lair:2   | Found a staircase to the Swamp.
 16801 | Orc:1    | Entered Level 1 of the Orcish Mines
 16938 | Orc:2    | Entered Level 2 of the Orcish Mines
 16991 | Orc:2    | Found a staircase to the Elven Halls.
 17404 | Orc:2    | Found Wedwu's Antique Weapon Shop.
 17923 | Orc:2    | Received a gift from Okawaru
 18494 | Orc:2    | Noticed an orc warlord
 18505 | Orc:2    | Killed an orc warlord
 19604 | Orc:2    | Found Heizoroq's Distillery.
 19618 | Orc:2    | Bought a potion of degeneration for 14 gold pieces
 20079 | Orc:2    | Received a gift from Okawaru
 20132 | Orc:2    | Reached skill level 18 in Fighting
 20226 | Orc:2    | Noticed an orc warlord
 20248 | Orc:2    | Killed an orc warlord
 20324 | Orc:2    | Found Huawnam's Antique Armour Shoppe.
 20328 | Orc:2    | Found Zimucofe's Antique Weapon Emporium.
 20333 | Orc:2    | Bought the +3 giant club "Skullcrusher" {speed, Str+7} for
                  | 1128 gold pieces
 20333 | Orc:2    | Found the +3 giant club "Skullcrusher" {speed, Str+7}
 20524 | D:11     | Noticed Josephine
 20526 | D:11     | Killed Josephine
 20567 | D:11     | You fall into a shaft and drop 2 floors!
 20593 | D:12     | Reached XP level 14. HP: 170/170 MP: 2/25
 21100 | D:11     | Received a gift from Okawaru
 21447 | Orc:2    | Bought a runed cloak for 172 gold pieces
 21484 | Orc:2    | Learned a level 4 spell: Passage of Golubria
 21823 | Lair:3   | Reached skill level 15 in Maces & Flails
 21964 | Lair:3   | Found a frozen archway.
 21966 | Lair:3   | Found a hole to the Spider Nest.
 21977 | IceCv    | Entered an ice cave
 22496 | IceCv    | Got the +0 whip of the Boiling Point {freeze, rPois rN++
                  | Str+3}
 22815 | IceCv    | Noticed an azure jelly
 22819 | IceCv    | Killed an azure jelly
 22820 | IceCv    | Reached skill level 19 in Fighting
 22820 | IceCv    | Reached skill level 5 in Invocations
 22860 | IceCv    | Received a gift from Okawaru
 22860 | IceCv    | Noticed a quicksilver ooze
 22861 | IceCv    | Noticed an azure jelly
 22877 | IceCv    | Killed a quicksilver ooze
 22877 | IceCv    | Reached ****** piety under Okawaru
 22908 | IceCv    | Acquired a +0 spectral giant club
 22908 | IceCv    | Received a gift from Okawaru
 22910 | IceCv    | Acquired the +12 pearl dragon scales "Jarurchao" {rC++ rN+}
 22910 | IceCv    | Received a gift from Okawaru
 22944 | IceCv    | Killed an azure jelly
 22945 | IceCv    | Reached skill level 1 in Armour
 22991 | IceCv    | Found a viscous altar of Jiyva.
 23012 | IceCv    | Identified the ring of Xoqus {rC- rN+ Dex+7 SInv}
 23781 | Lair:3   | Received a gift from Okawaru
 24270 | Lair:4   | Reached skill level 5 in Armour
 24311 | Lair:4   | Found a runed translucent gate.
 24311 | Lair:4   | Found a runed translucent gate.
 24311 | Lair:4   | Found a runed translucent gate.
 24316 | Lair:4   | Noticed swappor's ghost (journeyman MiBe)
 24723 | Lair:4   | Found a staircase to the Slime Pits.
 24724 | Lair:4   | Found a viscous altar of Jiyva.
 25277 | Lair:4   | Found a viscous altar of Jiyva.
 25278 | Lair:4   | Found a staircase to the Slime Pits.
 25963 | Lair:5   | Entered Level 5 of the Lair of Beasts
 26122 | Lair:5   | Received a gift from Okawaru
 26290 | Lair:5   | Reached XP level 15. HP: 152/180 MP: 5/27
 26807 | Lair:5   | Received a gift from Okawaru
 26900 | Lair:5   | Reached skill level 5 in Dodging
 27025 | Lair:5   | Reached skill level 20 in Fighting
 27197 | Lair:5   | Found the +5 Lochaber axe {reach-cleave, Poleaxe ^Drain}
 27204 | Lair:5   | Identified the staff "Fouhuati" {rElec rPois rF- rC+ rN+
                  | Dex+3 Ice}
 27316 | Lair:5   | Found a blossoming altar of Fedhas.
 27480 | Lair:5   | Found a blossoming altar of Fedhas.
 28615 | D:12     | Received a gift from Okawaru
 29508 | D:13     | Found a portal to a secret trove of treasure.
 29522 | D:13     | Noticed Sonja
 29540 | D:13     | Killed Sonja
 29540 | D:13     | Received a gift from Okawaru
 29541 | D:13     | Reached skill level 21 in Fighting
 30217 | D:14     | Found a gate to the Vaults.
 30418 | D:14     | Reached XP level 16. HP: 197/197 MP: 26/28
 30434 | D:14     | Found Negiuh's Antique Weapon Shop.
 30498 | D:14     | Noticed Snorg
 30504 | D:14     | Killed Snorg
 30504 | D:14     | Received a gift from Okawaru
 30537 | D:14     | Found Uttis's Magic Scroll Shop.
 30587 | D:14     | Found Ocappiche's Armour Shoppe.
 30595 | D:14     | Bought a +1 hat of willpower for 240 gold pieces
 30659 | D:14     | Found a transporter.
 30736 | D:14     | Found a transporter.
 30738 | D:14     | Found Socerpham's Weapon Boutique.
 30853 | D:14     | Identified the ring "Waneheor" {rElec rPois Str+8 Int-3
                  | Dex-2}
 30924 | D:15     | Entered Level 15 of the Dungeon
 30966 | D:15     | Found an opulent altar of Gozag.
 31064 | D:15     | Reached skill level 22 in Fighting
 31465 | D:15     | Found a staircase to the Depths.
 31769 | D:15     | Received a gift from Okawaru
 31996 | Spider:1 | Entered Level 1 of the Spider Nest
 32357 | Spider:1 | Found a transporter.
 32357 | Spider:1 | Found a transporter.
 33204 | Spider:1 | Noticed Azrael
 33215 | Spider:1 | Killed Azrael
 33215 | Spider:1 | Received a gift from Okawaru
 33515 | Spider:2 | Noticed Asterion
 33687 | Spider:2 | Killed Asterion
 33827 | Spider:2 | You fall into a shaft and drop 1 floor!
 33896 | Spider:2 | Received a gift from Okawaru
 33966 | Spider:2 | Identified the serpent talisman of Repulsion {rN+ Dex+2}
 33966 | Spider:2 | Noticed Aizul
 33977 | Spider:2 | Killed Aizul
 34177 | Spider:2 | Reached skill level 10 in Translocations
 34177 | Spider:2 | Reached XP level 17. HP: 208/208 MP: 18/30
 34463 | Spider:2 | Found a runed translucent gate.
 34463 | Spider:2 | Found a runed translucent gate.
 34463 | Spider:2 | Found a runed translucent gate.
 34463 | Spider:2 | Noticed bmb222's ghost (adept MiDe)
 34602 | Spider:2 | Reached skill level 10 in Spellcasting
 35499 | D:9      | Killed RepHenryClay's ghost
 35636 | Lair:1   | Received a gift from Okawaru
 35656 | Lair:1   | Killed xnavy's ghost
 35770 | Lair:4   | Killed swappor's ghost
 36435 | Spider:3 | Noticed Arachne
 36447 | Spider:3 | Killed Arachne
 36506 | Spider:3 | Reached skill level 10 in Armour
 37509 | Spider:4 | Entered Level 4 of the Spider Nest
 37517 | Spider:4 | Received a gift from Okawaru
 38286 | Spider:4 | Received a gift from Okawaru
 38652 | Spider:4 | Reached XP level 18. HP: 219/219 MP: 12/32
 39064 | Spider:4 | Identified a scroll of acquirement
 39241 | Spider:4 | Received a gift from Okawaru
 39268 | Spider:4 | Reached skill level 23 in Fighting
 39476 | Spider:4 | Got a gossamer rune of Zot
 39662 | Spider:2 | Killed bmb222's ghost
 39799 | Swamp:1  | Entered Level 1 of the Swamp
 39961 | Swamp:1  | Identified the +0 flail of the Forest {vamp, rCorr}
 40003 | Swamp:1  | Received a gift from Okawaru
 40168 | Swamp:1  | Reached skill level 24 in Fighting
 41911 | Swamp:4  | Entered Level 4 of the Swamp
 42148 | Swamp:4  | Received a gift from Okawaru
 42306 | Swamp:4  | Reached XP level 19. HP: 217/236 MP: 6/33
 42719 | Swamp:4  | Received a gift from Okawaru
 42728 | Swamp:4  | Got a decaying rune of Zot
 42812 | Swamp:4  | Reached skill level 25 in Fighting
 43084 | Depths:1 | Entered Level 1 of the Depths
 43245 | Depths:1 | Identified the +1 robe "Loismiut" {rF+ Will+ Dex-3
                  | Archmagi}
 43422 | Depths:1 | Received a gift from Okawaru
 43813 | Depths:1 | Reached skill level 26 in Fighting
 43955 | Depths:1 | Got the Folio of the Queen Bee
 44133 | Depths:1 | Received a gift from Okawaru
 44388 | Depths:1 | Found a gateway to Hell.
 44617 | Depths:1 | Reached skill level 27 in Fighting
 44633 | Depths:1 | Reached XP level 20. HP: 91/256 MP: 3/34
 45395 | Depths:2 | Received a gift from Okawaru
 45646 | Depths:2 | Found a one-way gate leading to the halls of Pandemonium.
 46553 | Depths:2 | Identified the amulet of Yjeize {Will- Regen+ Int+2 Dex+2}
 46891 | Depths:2 | Received a gift from Okawaru
 47290 | Depths:3 | Reached skill level 15 in Armour
 47290 | Depths:3 | Found a basalt altar of Yredelemnul.
 47476 | Depths:3 | Reached skill level 10 in Dodging
 47845 | Depths:3 | Found a one-way gate to the infinite horrors of the Abyss.
 47855 | Depths:3 | Received a gift from Okawaru
 47963 | Depths:3 | Found a one-way gateway to a ziggurat.
 48296 | Depths:3 | Found Qeamn's Antique Weapon Emporium.
 48300 | Depths:3 | Found Xelava Gaaw's Book Shoppe.
 48301 | Depths:3 | Found Gipn's Jewellery Emporium.
 48308 | Depths:3 | Bought the ring "Xekubb" {rPois rF+ rC+ Dex+6} for 795 gold
                  | pieces
 48769 | Depths:3 | Received a gift from Okawaru
 49444 | Orc:2    | Bought a potion of heal wounds for 70 gold pieces
 49444 | Orc:2    | Bought 2 potions of heal wounds for 140 gold pieces
 49444 | Orc:2    | Bought a potion of curing for 42 gold pieces
 49444 | Orc:2    | Bought 2 potions of curing for 84 gold pieces
 49444 | Orc:2    | Bought 2 potions of cancellation for 224 gold pieces
 49444 | Orc:2    | Bought a potion of mutation for 112 gold pieces
 49657 | Vaults:1 | Entered Level 1 of the Vaults
 49933 | Vaults:1 | Reached XP level 21. HP: 265/265 MP: 3/35
 50129 | Vaults:1 | Received a gift from Okawaru
 50701 | Vaults:1 | Found a huge runed translucent gate.
 50701 | Vaults:1 | Found a huge runed translucent gate.
 50701 | Vaults:1 | Found a huge runed translucent gate.
 50701 | Vaults:1 | Found a huge runed translucent gate.
 50701 | Vaults:1 | Found a huge runed translucent gate.
 50702 | Vaults:1 | Found a huge runed translucent gate.
 50702 | Vaults:1 | Found a huge runed translucent gate.
 50702 | Vaults:1 | Found a huge runed translucent gate.
 50702 | Vaults:1 | Found a huge runed translucent gate.
 50702 | Vaults:1 | Found a huge runed translucent gate.
 50703 | Vaults:1 | Found a huge runed translucent gate.
 50704 | Vaults:1 | Found a huge runed translucent gate.
 50705 | Vaults:1 | Found a huge runed translucent gate.
 50706 | Vaults:1 | Found a huge runed translucent gate.
 50707 | Vaults:1 | Found a huge runed translucent gate.
 50707 | Vaults:1 | Found a huge runed translucent gate.
 50797 | Vaults:1 | Found a huge runed translucent gate.
 50798 | Vaults:1 | Found a huge runed translucent gate.
 50799 | Vaults:1 | Found a huge runed translucent gate.
 50800 | Vaults:1 | Found a huge runed translucent gate.
 50800 | Vaults:1 | Found a huge runed translucent gate.
 50805 | Vaults:1 | Found a huge runed translucent gate.
 50806 | Vaults:1 | Found a huge runed translucent gate.
 50806 | Vaults:1 | Found a huge runed translucent gate.
 50806 | Vaults:1 | Found a huge runed translucent gate.
 50806 | Vaults:1 | Found a huge runed translucent gate.
 50808 | Vaults:1 | Found a huge runed translucent gate.
 50809 | Vaults:1 | Found a huge runed translucent gate.
 50810 | Vaults:1 | Found a huge runed translucent gate.
 50810 | Vaults:1 | Found a huge runed translucent gate.
 50815 | Vaults:1 | Found a huge runed translucent gate.
 50816 | Vaults:1 | Found a huge runed translucent gate.
 50816 | Vaults:1 | Found a huge runed translucent gate.
 50816 | Vaults:1 | Found a huge runed translucent gate.
 50816 | Vaults:1 | Found a huge runed translucent gate.
 50818 | Vaults:1 | Found a huge runed translucent gate.
 50975 | Vaults:1 | Noticed Saint Roka
 50991 | Vaults:1 | Killed Saint Roka
 51102 | Vaults:1 | Received a gift from Okawaru
 51735 | Vaults:1 | Noticed RepHenryClay's ghost (adept GnHu)
 51735 | Vaults:1 | Noticed Feshunla's ghost (adept KoEn)
 51735 | Vaults:1 | Noticed Ruxt's ghost (adept MiFi)
 51735 | Vaults:1 | Noticed Feshunla's ghost (adept KoEn)
 51735 | Vaults:1 | Noticed Cexaud's ghost (adept DjCK)
 51735 | Vaults:1 | Noticed Pixtaico's ghost (adept FeNe)
 51735 | Vaults:1 | Noticed Kevimi's ghost (adept FeNe)
 51811 | Vaults:1 | Noticed Kevimi's ghost (adept FeNe)
 51811 | Vaults:1 | Noticed Harhicoo's ghost (adept MiBe)
 51840 | Vaults:1 | Killed Harhicoo's ghost
 51841 | Vaults:1 | Killed Kevimi's ghost
 51852 | Vaults:1 | Killed Cexaud's ghost
 52194 | Vaults:1 | Killed Ruxt's ghost
 52299 | Vaults:1 | Killed Feshunla's ghost
 52299 | Vaults:1 | Received a gift from Okawaru
 52392 | Vaults:1 | Killed Pixtaico's ghost
 52406 | Vaults:1 | Killed RepHenryClay's ghost
 52430 | Vaults:1 | Killed Kevimi's ghost
 53401 | Vaults:1 | Killed Feshunla's ghost
 54194 | Vaults:2 | Received a gift from Okawaru
 54378 | Vaults:2 | Reached XP level 22. HP: 275/275 MP: 36/36
 54756 | Vaults:2 | Received a gift from Okawaru
 56496 | Vaults:3 | Received a gift from Okawaru
 56912 | Vaults:3 | Found a staircase to the Crypt.
 56912 | Vaults:3 | Found an ancient bone altar of Kikubaaqudgha.
 56912 | Vaults:3 | Found a basalt altar of Yredelemnul.
 57235 | Vaults:3 | You fall into a shaft and drop 1 floor!
 57841 | Vaults:4 | Received a gift from Okawaru
 59053 | Depths:4 | Entered Level 4 of the Depths
 59276 | Depths:4 | Noticed a golden dragon
 59283 | Depths:4 | Killed a golden dragon
 59378 | Depths:4 | Received a gift from Okawaru
 59379 | Depths:4 | Reached XP level 23. HP: 253/284 MP: 39/39
 59454 | Depths:4 | Noticed a caustic shrike
 59465 | Depths:4 | Killed a caustic shrike
 59468 | Depths:4 | Noticed a caustic shrike
 59473 | Depths:4 | Noticed a caustic shrike
 60105 | Elf:1    | Entered Level 1 of the Elven Halls
 60190 | Elf:1    | Paralysed by an air elemental for 1 turns
 60456 | Elf:1    | Paralysed by an air elemental for 1 turns
 60502 | Elf:1    | Found Itrom's Distillery.
 60695 | Elf:1    | Got the Omnibus of Black Spells
 61379 | Elf:1    | Received a gift from Okawaru
 61445 | Elf:1    | Noticed a caustic shrike
 61453 | Elf:1    | Killed a caustic shrike
 61482 | Elf:1    | Got Uschiwn's Parchment of Quicksand
 62250 | D:14     | Acquired 568 gold pieces
 62395 | Depths:4 | Found a gate to the Realm of Zot.
 62991 | D:14     | Bought a scroll of enchant weapon for 82 gold pieces
 63302 | Elf:2    | Found a runed translucent gate.
 63302 | Elf:2    | Found a runed translucent gate.
 63302 | Elf:2    | Found a runed translucent gate.
 63373 | Elf:2    | Paralysed by an air elemental for 1 turns
 63401 | Elf:2    | Received a gift from Okawaru
 63477 | Elf:2    | Found a runed translucent gate.
 63477 | Elf:2    | Found a runed translucent gate.
 63477 | Elf:2    | Found a runed translucent gate.
 63478 | Elf:2    | Noticed Wedibyb's ghost (adept DsGl)
 63494 | Elf:2    | Killed Wedibyb's ghost
 64420 | Elf:2    | Identified the blade talisman of Poabesysu {rElec rC+++
                  | Int-3}
 64556 | Elf:3    | Entered Level 3 of the Elven Halls
 64641 | Elf:3    | Received a gift from Okawaru
 65057 | Elf:3    | Upgraded the game from 0.31-a0-1626-g5cb510d322 to
                  | 0.32-a0-7-ge934b4519a
 65070 | Elf:3    | Learned a level 1 spell: Apportation
 65987 | Elf:3    | Identified the staff of Woe {*Slow Fly rC+ Will++ Hexes
                  | Ice}
 66059 | Elf:3    | Identified the staff of Debt {rPois Str-3 Dex+3 Earth}
 66195 | Elf:3    | Reached XP level 24. HP: 295/295 MP: 31/39
 66310 | Elf:3    | Identified the +6 morningstar of Amortisation {drain,
                  | Str+4}
 66310 | Elf:3    | Identified the ring "Innal" {Fire Dex+2}
 66340 | Elf:3    | Identified the +1 robe of Delyff {rC+}
 66380 | Elf:3    | Received a gift from Okawaru
 66661 | Elf:3    | Identified the staff of Impatience {*Slow rF+ rN+ Dex+4
                  | Fire Air}
 66675 | Elf:3    | Identified the +1 short sword "Tikuum" {flame, *Corrode
                  | Str+3 Dex+3}
 66805 | Elf:1    | Paralysed by an air elemental for 1 turns
 66841 | Elf:1    | Bought a potion of curing for 45 gold pieces
 66841 | Elf:1    | Bought a potion of curing for 45 gold pieces
 66841 | Elf:1    | Bought a potion of heal wounds for 75 gold pieces
 66841 | Elf:1    | Bought a potion of brilliance for 60 gold pieces
 67123 | D:1      | Bought a potion of ambrosia for 112 gold pieces
 67123 | D:1      | Bought a potion of cancellation for 112 gold pieces
 67123 | D:1      | Bought a potion of mutation for 112 gold pieces
 67435 | Crypt:1  | Entered Level 1 of the Crypt
 67463 | Crypt:1  | Identified the orb "Uhecvuqe" {light, rN+}
 67463 | Crypt:1  | Noticed Frederick
 67464 | Crypt:1  | Reached skill level 1 in Stealth
 67485 | Crypt:1  | Killed Frederick
 67805 | Crypt:1  | Reached skill level 5 in Stealth
 68523 | Crypt:1  | Acquired 989 gold pieces
 68648 | Crypt:2  | Received a gift from Okawaru
 68732 | Crypt:2  | Found a blossoming altar of Fedhas.
 68843 | Crypt:2  | Identified the +10 halberd "Killer Bee's Peril" {flame,
                  | rC+}
 69550 | Crypt:3  | Entered Level 3 of the Crypt
 69830 | Crypt:3  | Learned a level 3 spell: Passwall
 69977 | Crypt:3  | Found the dreamshard necklace {Acrobat *Dream}
 70233 | Crypt:3  | Reached skill level 1 in Earth Magic
 70470 | Crypt:3  | Received a gift from Okawaru
 70607 | Crypt:3  | Identified the +6 scimitar of Success {freeze, rF+ rC+ rN+}
 70739 | Crypt:3  | Found a basalt altar of Yredelemnul.
 71000 | Crypt:3  | Identified the +8 flail of the Ecumenical Temple {vamp,
                  | +Blink rElec rPois rCorr}
 71000 | Crypt:3  | Identified the ring of Moin {Ice rCorr}
 71278 | Crypt:3  | Identified the staff of Defenestration {rF+ rN+ Necro}
 71494 | Crypt:3  | Found a staircase to the Tomb.
 71498 | Crypt:3  | Reached skill level 10 in Invocations
 71928 | Crypt:3  | Received a gift from Okawaru
 72647 | Vaults:5 | Entered Level 5 of the Vaults
 72671 | Vaults:4 | Reached XP level 25. HP: 138/304 MP: 5/39
 73928 | Vaults:5 | Received a gift from Okawaru
 74396 | Vaults:5 | Noticed a dread lich
 74411 | Vaults:5 | Noticed a dread lich
 74413 | Vaults:5 | Killed a dread lich
 74556 | Vaults:5 | Killed a dread lich
 75253 | Vaults:5 | Identified the +4 broad axe "Becam" {flame, rCorr Int+2}
 75607 | Vaults:5 | Identified the staff "Alorec" {rElec Int+8 Dex+2 Air}
 75772 | Vaults:5 | Received a gift from Okawaru
 75780 | Vaults:5 | Got a silver rune of Zot
 75936 | Vaults:5 | Found Hutyog's Magic Scroll Shoppe.
 76012 | Vaults:5 | Found Ukkeepp's Distillery.
 76020 | Vaults:5 | Bought a potion of heal wounds for 95 gold pieces
 76020 | Vaults:5 | Bought a potion of curing for 57 gold pieces
 76020 | Vaults:5 | Bought 2 potions of might for 152 gold pieces
 76020 | Vaults:5 | Bought a potion of berserk rage for 95 gold pieces
 76020 | Vaults:5 | Bought a potion of mutation for 152 gold pieces
 76409 | Vaults:5 | Got the Encyclopedia of the Valley
 76471 | Vaults:5 | Found Guizo's Distillery.
 76475 | Vaults:5 | Bought a potion of curing for 63 gold pieces
 76475 | Vaults:5 | Bought a potion of might for 84 gold pieces
 76475 | Vaults:5 | Bought a potion of curing for 63 gold pieces
 76496 | Vaults:5 | Found Suapsa's Distillery.
 76501 | Vaults:5 | Bought a potion of heal wounds for 105 gold pieces
 76501 | Vaults:5 | Bought a potion of heal wounds for 105 gold pieces
 77422 | Vaults:5 | Bought a scroll of enchant armour for 112 gold pieces
 77422 | Vaults:5 | Bought a scroll of enchant armour for 112 gold pieces
 77422 | Vaults:5 | Bought a scroll of enchant armour for 112 gold pieces
 77422 | Vaults:5 | Bought a scroll of enchant armour for 112 gold pieces
 78065 | Depths:3 | Voluntarily entered the Abyss.
 78218 | Abyss:3  | Found a corrupted altar of Lugonu.
 78219 | Abyss:3  | Found a corrupted altar of Lugonu.
 78222 | Abyss:3  | Fell from the grace of Okawaru
 78222 | Abyss:3  | Became a worshipper of Lugonu the Unformed
 78222 | Abyss:3  | Reached * piety under Lugonu
 78222 | Abyss:3  | Reached ** piety under Lugonu
 78226 | Abyss:3  | Found a corrupted altar of Lugonu.
 78252 | Abyss:3  | Found a corrupted altar of Lugonu.
 78261 | Abyss:3  | Found a corrupted altar of Lugonu.
 78298 | Abyss:3  | Found a corrupted altar of Lugonu.
 78369 | Abyss:3  | Found a corrupted altar of Lugonu.
 78407 | Abyss:3  | Found a corrupted altar of Lugonu.
 78407 | Abyss:3  | Found a corrupted altar of Lugonu.
 78417 | Abyss:3  | Found a corrupted altar of Lugonu.
 78701 | Abyss:3  | Got an abyssal rune of Zot
 79156 | Depths:3 | Escaped the Abyss
 79295 | D:13     | You showed the abyssal rune of Zot to enter a treasure
                  | trove
 79296 | Trove    | Entered a treasure trove
 79328 | Trove    | Identified the +1 whip of Ascent {freeze, rC- rN+++ SInv}
 79352 | Trove    | Identified the amulet of Poazxewn {Faith rPois rF++ Will-
                  | Slay+2}
 79551 | Depths:3 | Reached XP level 26. HP: 314/314 MP: 39/39
 79552 | Depths:3 | Reached XP level 27. HP: 323/323 MP: 39/39
 80516 | Zot:1    | Entered Level 1 of the Realm of Zot
 81046 | Zot:1    | Found a transporter.
 81068 | Zot:1    | Noticed case's ghost (veteran MiBe)
 81372 | Zot:1    | Reached *** piety under Lugonu
 81580 | Zot:1    | Found a transporter.
 82482 | Zot:2    | Noticed a dread lich
 82492 | Zot:2    | Killed a dread lich
 82521 | Zot:2    | Noticed a dread lich
 82533 | Zot:2    | Killed a dread lich
 82534 | Zot:2    | Reached skill level 15 in Invocations
 82680 | Zot:2    | Noticed a dread lich
 82688 | Zot:2    | Killed a dread lich
 82696 | Zot:2    | Reached **** piety under Lugonu
 82703 | Zot:2    | Noticed a dread lich
 82714 | Zot:2    | Killed a dread lich
 83509 | Zot:3    | Noticed an orb of fire
 83518 | Zot:3    | Killed an orb of fire
 83699 | Zot:3    | You fall into a shaft and drop 1 floor!
 84460 | Zot:3    | Was forgiven by Okawaru
 85431 | Zot:3    | Reached ***** piety under Lugonu
 85756 | Zot:4    | Found a transporter.
 85758 | Zot:4    | Identified the amulet "Qejuyb Rie" {Rampage Regen+ Stlth+}
 85762 | Zot:4    | Found a transporter.
 85981 | Zot:4    | Noticed Cuhyol's ghost (veteran MfSh)
 85981 | Zot:4    | Found the +1 robe of Vines {NoPotionHeal Regen++++}
 86260 | Zot:5    | Entered Level 5 of the Realm of Zot
 86263 | Zot:5    | Found a transporter.
 86269 | Zot:5    | Found a transporter.
 86293 | Zot:5    | Found a transporter.
 86356 | Zot:5    | Found a transporter.
 86441 | Zot:5    | Identified the +2 scale mail of the Final Ears {Int+4}
 87472 | Zot:5    | Noticed a dread lich
 87501 | Zot:5    | Killed a dread lich
 87681 | Zot:5    | Noticed an orb of fire
 87695 | Zot:5    | Killed an orb of fire
 87964 | Zot:5    | Noticed a dread lich
 87987 | Zot:5    | Killed a dread lich
 88100 | Zot:5    | Noticed a dread lich
 88110 | Zot:5    | Killed a dread lich
 88245 | Zot:5    | Found a transporter.
 88252 | Zot:5    | Found a transporter.
 88267 | Zot:5    | Found a transporter.
 88948 | Zot:5    | Noticed a dread lich
 88959 | Zot:5    | Killed a dread lich
 89034 | Zot:5    | Noticed an ancient lich
 89036 | Zot:5    | Noticed an ancient lich
 89039 | Zot:5    | Killed an ancient lich
 89041 | Zot:5    | Killed an ancient lich
 89053 | Zot:5    | Noticed an orb of fire
 89062 | Zot:5    | Gained mutation: You have a pair of horns on your head. [an
                  | orb of fire]
 89065 | Zot:5    | Gained mutation: You are dopey. (Int -2) [an orb of fire]
 89067 | Zot:5    | Gained mutation: You are frail. (-10% HP) [an orb of fire]
 89068 | Zot:5    | Killed an orb of fire
 89077 | Zot:5    | Noticed a dread lich
 89084 | Zot:5    | Killed a dread lich
 89476 | Zot:5    | Noticed an orb of fire
 89480 | Zot:5    | Gained mutation: You occasionally lose the ability to read
                  | scrolls when taking damage. [an orb of fire]
 89491 | Zot:5    | Killed an orb of fire
 89685 | Zot:5    | Found a transporter.
 89810 | Zot:5    | Lost mutation: You are dopey. (Int -2) [potion of mutation]
 89810 | Zot:5    | Lost mutation: You are frail. (-10% HP) [potion of
                  | mutation]
 89810 | Zot:5    | Lost mutation: You have a pair of horns on your head.
                  | [potion of mutation]
 89810 | Zot:5    | Gained mutation: You are frail. (-10% HP) [potion of
                  | mutation]
 89810 | Zot:5    | Gained mutation: You possess an exceptional clarity of
                  | mind. [potion of mutation]
 89810 | Zot:5    | Gained mutation: You have a somewhat thin skeletal
                  | structure. (Dex +2, Stealth+) [potion of mutation]
 89810 | Zot:5    | Gained mutation: You passively map a small area around you.
                  | [potion of mutation]
 89811 | Zot:5    | Lost mutation: You occasionally lose the ability to read
                  | scrolls when taking damage. [potion of mutation]
 89811 | Zot:5    | Lost mutation: You have a somewhat thin skeletal structure.
                  | (Dex +2, Stealth+) [potion of mutation]
 89811 | Zot:5    | Lost mutation: You are frail. (-10% HP) [potion of
                  | mutation]
 89811 | Zot:5    | Gained mutation: Your spells are a little harder to cast,
                  | but a little more powerful. [potion of mutation]
 89811 | Zot:5    | Gained mutation: Your mind is acute. (Int +4, Str/Dex -1)
                  | [potion of mutation]
 89811 | Zot:5    | Gained mutation: You have a somewhat thin skeletal
                  | structure. (Dex +2, Stealth+) [potion of mutation]
 89817 | Zot:5    | Learned a level 4 spell: Vhi's Electric Charge
 89821 | Zot:5    | Learned a level 3 spell: Swiftness
 89945 | Zot:5    | Got the Orb of Zot
 90237 | D:9      | Noticed Walloob the pandemonium lord
 90252 | D:9      | Killed Walloob the pandemonium lord
 90253 | D:9      | Reached skill level 1 in Air Magic
 90393 | D:7      | Noticed Rowyfig the pandemonium lord
 90505 | D:2      | Noticed Isitar the pandemonium lord
 90552 | D:$      | Escaped with the Orb!

Illustrated notes

Levels and vault maps discovered:
D:1:      psy_arrival_radial02, layout_basic, basic_ecumenical_altar,
          serial_shops, shop, nrook_campfire, nrook_uturn, minmay_tiny_reverse_x
D:2:      layout_rooms, chequers_serial_rivers_large_a
D:3:      layout_basic, uniq_terence
D:4:      layout_rooms, kennysheep_generic_room_13, uniq_sigmund, uniq_ijyb,
          uniq_grinder, uniq_natasha
D:5:      layout_loops_ring, minmay_temple_entry_wispy,
          nicolae_ossuary_entry_monument, uniq_pikel, uniq_edmund
D:6:      layout_cave_pools, kennysheep_cross_bottleneck
D:7:      layout_loops_cross, gammafunk_temple_overflow_statue,
          minmay_misc_feat_encased, eino_jars
D:8:      layout_basic, minmay_joined_circles
D:9:      layout_roguey, nicolae_ru_sacrificial_ziggurat, orc_0_dummy,
          hellmonk_ghost_big_iron, minivault_24
D:10:     minmay_slanted_spiral_squares, layout_irregular_city, minitemple,
          mainiacjoe_overflow_boulevard, lemuel_blue_sif_altar,
          david_lair_generic
D:11:     layout_roguey, uniq_josephine
D:12:     layout_basic, onia_ninara_cookie
D:13:     layout_long_grid, enter_trove_1, uniq_sonja
D:14:     layout_loops_ring, david_vaults_2, serial_shops,
          nicolae_shop_overgrown_old_shop, nicolae_shop_drivethru,
          nicolae_stop_n_shop_1, shop, minmay_misc_feat_secret_circle,
          serial_library_hellmonk_open_square, uniq_snorg
D:15:     hangedman_depths_entry_try_elsewhere_first, layout_basic,
          grunt_gozag_statues
Temple:   hellmonk_temple_beads
Lair:1:   layout_chaotic_city, gammafunk_ghost_arena, serial_bayou_shore_a,
          grunt_megastairs_4, infiniplex_staircase_pool, lemuel_fruit_fields
Lair:2:   layout_misc_corridors, minmay_swamp_entry_worms,
          infiniplex_staircase_pool_2, grunt_megastairs_2
Lair:3:   beargit_carnivore_pack, layout_cave_pods, dummy_spider_entry,
          portal_ice_cave_entry_pillars_2, kennysheep_basilisk_garden
Lair:4:   layout_cave_pods, nicolae_slime_entry_slimehenge,
          ebering_ghost_rock_garden, dreamdust_mushroom_princess
Lair:5:   minmay_lair_end_frog_pond, layout_big_grid, st_stairs_7, tgw_fedhas
Swamp:1:  layout_basic_swamp, hangedman_swamp_pad
Swamp:2:  layout_basic_swamp, evilmike_swamp_ruin_house_6, swamp_pool_5
Swamp:3:  layout_basic_swamp, evilmike_swamp_ruin_house_4
Swamp:4:  swamp, layout_basic_swamp
Spider:1: gammafunk_boulding_lane, nicolae_spider_swamp_cousins, uniq_azrael
Spider:2: layout_cave_pods, ebering_ghost_rock_garden, uniq_aizul, uniq_asterion
Spider:3: layout_cave_pods, uniq_arachne
Spider:4: grunt_spider_rune_circles, guppyfry_spider_mini_2
Orc:1:    layout_diamond_mine, basic_altar
Orc:2:    grunt_orc_community_town_hall, layout_diamond_mine,
          grunt_orc_community_big_house_2, grunt_orc_community_big_house_1,
          grunt_orc_community_house_3, grunt_orc_community_house_2,
          grunt_orc_community_house_1, grunt_orc_community_house_2,
          grunt_orc_community_house_3, grunt_orc_community_house_3, mines2_david
Elf:1:    eino_elf_arrival_customs, layout_loops_corners, serial_shops, shop,
          minmay_elf_necromancy, minivault_24, hangedman_research_geology
Elf:2:    nicolae_elf_blades_crystal_corner, layout_geoelf_octagon,
          ebering_ghost_rock_garden
Elf:3:    elf_hall_gauntlet_wide, layout_geoelf_castle, minivault_25_ag
Vaults:1: gammafunk_ghost_door_vault, nicolae_vaults_inception_corners,
          nicolae_vaults_puzzle_piece, nicolae_vaults_double_plus_1,
          nicolae_vaults_trapezoid_2, nicolae_vaults_trapezoid_1,
          ontoclasm_vaults_misaligned, v_rooms_6,
          nicolae_vaults_ring_of_whatevers, hangedman_vaults_slice, v_misc_16,
          nicolae_vaults_twisting_passages, nicolae_vaults_theta,
          nicolae_vaults_trapezoid_2, layout_vaults_big_cross, uniq_saint_roka
Vaults:2: nicolae_vaults_display_case, v_misc_31, nicolae_vaults_rhombus_5,
          nicolae_vaults_network_square, ontoclasm_vaults_ring_small,
          grunt_vaults_trifunnel, hangedman_vaults_stitches, vaults_room_pool,
          nicolae_vaults_closet_pinwheel_4, vaults_room_corners,
          vaults_room_grid, vaults_room_pool, layout_vaults_chaotic_city
Vaults:3: v_misc_12, nicolae_vaults_inception_statues,
          nicolae_vaults_library_corner, nicolae_vaults_six-pack,
          hangedman_vaults_stream, grunt_vaults_twisty,
          ontoclasm_vaults_decontamination, nicolae_vaults_weapon_check,
          nicolae_vaults_alarming, layout_vaults_omnigrid,
          minmay_crypt_entry_necro_gods
Vaults:4: vaults_dpeg_ring, nicolae_vaults_statue_guard, hangedman_vaults_trim,
          vaults_dpeg_diagonal, grunt_vaults_focal, ontoclasm_vaults_ring_large,
          v_misc_11, nicolae_vaults_little_squares_2, v_pattern_5,
          nicolae_vaults_wine_cellar, ontoclasm_vaults_gateway,
          hangedman_vaults_nails, nicolae_vaults_trapezoid_2, layout_vaults_ring
Vaults:5: serial_shops
Crypt:1:  layout_chaotic_city, grunt_megastairs_1,
          grunt_crypt_arrival_guarded_gate, uniq_frederick
Crypt:2:  layout_basic, nicolae_crypt_fedhas_prevails, st_stairs_12
Crypt:3:  evilmike_haunted_forest
Depths:1: layout_honeycomb, pf_hell_entry_tar_river,
          hangedman_research_toxicology, infiniplex_staircase_pool_lava,
          kennysheep_random_hallway
Depths:2: minmay_eyes, layout_gridlike, grunt_pan_entry_spiral, hell_entry
Depths:3: dreamdust_under_siege, layout_cave_pools, enter_ziggurat_f,
          nicolae_abyss_entry_one_way_or_another, grunt_pan_entry_in_and_out,
          grunt_hell_entry_dis_mu, minmay_shop_star
Depths:4: grunt_zot_entry_bicorn, layout_basic, abyss_entry,
          serial_corexii_hall, chequers_hall_statues_wall_a,
          chequers_hall_statues_y, minmay_misc_feat_more_columns, hell_entry,
          rand_demon_pan_entry_8
Zot:1:    layout_onion, gammafunk_ghost_berserking_beasts
Zot:2:    hellmonk_paralyzer, layout_basic
Zot:3:    layout_concentric_octagons, uniq_josephina
Zot:4:    layout_onion, gammafunk_ghost_arena
Zot:5:    layout_gridlike, nicolae_transporter_intersection

Skill      XL: |  1  2  3  4  5  6  7  8  9 10 11 12 13 14 15 16 17 18 19 20 21 22 23 24 25 26 27 |
---------------+----------------------------------------------------------------------------------+-----
Fighting       | 3 4 5 8 10 12 13 14 17 18 19 21 22 24 27 | 27.0
Maces & Flails | 3 9 12 14 15 16 17 18 20 21 23 24 25 | 25.0
Translocations | 3 4 7 8 9 10 12 | 12.0
Spellcasting   | 3 4 6 7 8 9 10 12 | 12.2
Evocations     | 2 |  2.0
Invocations    | 4 5 7 8 10 11 21 | 21.6
Dodging        | 4 6 7 8 10 11 13 | 13.0
Armour         | 6 7 12 14 16 18 19 20 21 22 23 | 23.8
Stealth        | 7 |  7.4
Earth Magic    | 2 3 |  3.7
Air Magic      | 2 |  2.2
Throwing       | |  1.0

Action                     |  1- 3 |  4- 6 |  7- 9 | 10-12 | 13-15 | 16-18 | 19-21 | 22-24 | 25-27 || total
---------------------------+-------+-------+-------+-------+-------+-------+-------+-------+-------++-------
  Melee: Mace              |   110 |    23 |       |       |       |       |       |       |       ||   133
         Headbutt          |    13 |     5 |    48 |    31 |   103 |   175 |   210 |   336 |   334 ||  1255
         Quarterstaff      |       |    57 |   294 |   197 |       |       |       |       |       ||   548
         Giant club        |       |       |       |   337 |  1247 |  1429 |  1564 |  1885 |  1462 ||  7924
         Giant spiked club |       |       |       |       |       |       |       |    40 |   342 ||   382
  Throw: Dart              |       |     3 |       |       |       |       |       |       |       ||     3
         Large rock        |       |     2 |    26 |     1 |     9 |     1 |     4 |       |       ||    43
   Cast: Blink             |     2 |       |       |     1 |       |       |       |       |     2 ||     5
         Gell's Gravitas   |       |     1 |     3 |       |       |       |       |       |       ||     4
         Manifold Assault  |       |       |    55 |   282 |   525 |   465 |   501 |   502 |   461 ||  2791
         Passwall          |       |       |       |       |       |       |       |       |     3 ||     3
         Teleport Other    |       |       |       |       |       |       |       |       |     1 ||     1
 Invoke: Heroism           |       |       |       |     1 |     7 |     7 |     3 |     3 |       ||    21
         Receive Weapon    |       |       |       |       |     1 |       |       |       |       ||     1
         Receive Armour    |       |       |       |       |     1 |       |       |       |       ||     1
         Finesse           |       |       |       |       |     1 |       |       |     1 |       ||     2
  Evoke: Wand              |       |       |     3 |       |     1 |       |     1 |     1 |     1 ||     7
    Use: Potion            |     1 |       |       |     1 |     1 |       |       |     1 |    12 ||    16
         Scroll            |       |       |     7 |    13 |    12 |     5 |     4 |    22 |    10 ||    73
   Stab: Sleeping          |       |     1 |       |       |       |       |       |     1 |     1 ||     3
         Paralysed         |       |       |     3 |       |       |       |       |       |       ||     3
         Petrifying        |       |       |       |       |       |       |       |     1 |     1 ||     2
         Distracted        |       |       |       |       |       |       |       |       |     2 ||     2
 Armour: Robe              |    91 |    44 |   180 |    86 |    13 |       |       |       |       ||   414
         Steam dragon scal |       |       |       |   118 |   134 |       |       |       |       ||   252
         Skin              |       |       |       |     6 |       |       |       |       |       ||     6
         Troll leather arm |       |       |       |     1 |       |       |       |       |       ||     1
         Pearl dragon scal |       |       |       |       |   244 |   659 |   551 |   842 |   989 ||  3285
  Dodge: Dodged            |    76 |    30 |   119 |    90 |   156 |   318 |   226 |   374 |   509 ||  1898

Table legend: (Time is in decaauts)
 A = Elapsed time spent in this place.
 B = Non-inter-level travel time spent in this place.
 C = Inter-level travel time spent in this place.
 D = Time resting spent in this place.
 E = Time spent auto-exploring this place.
 F = Levels seen in this place.
 G = Mean time per level.
                   A        B        C        D        E       F      G
               +--------+--------+--------+--------+--------+-----+--------+
         Total |  87719 |  78132 |   9587 |  13285 |  47977 |  57 | 1538.9 |
       Dungeon |  20721 |  17047 |   3674 |   3255 |  10397 |  15 | 1381.4 |
        Temple |      1 |      1 |      0 |      0 |      0 |   1 |    1.0 |
          Lair |   8770 |   7881 |    889 |    219 |   6160 |   5 | 1754.0 |
         Swamp |   3057 |   2792 |    265 |    383 |   1822 |   4 |  764.2 |
   Spider Nest |   7064 |   6197 |    867 |    688 |   4307 |   4 | 1766.0 |
  Orcish Mines |   4061 |   3571 |    490 |   1165 |    936 |   2 | 2030.5 |
   Elven Halls |   5020 |   4329 |    691 |    278 |   2989 |   3 | 1673.3 |
        Vaults |  13618 |  12678 |    940 |   1965 |   8871 |   5 | 2723.6 |
         Crypt |   4628 |   4334 |    294 |    811 |   2399 |   3 | 1542.7 |
        Depths |   8925 |   7759 |   1166 |   1558 |   4548 |   4 | 2231.2 |
           Zot |   8791 |   8485 |    306 |   2007 |   5163 |   5 | 1758.2 |
         Abyss |   1013 |   1013 |      0 |    407 |      0 |   3 |  337.7 |
         Trove |     97 |     97 |      0 |      0 |     40 |   1 |   97.0 |
       Ossuary |    878 |    878 |      0 |    263 |     71 |   1 |  878.0 |
      Ice Cave |   1066 |   1066 |      0 |    282 |    273 |   1 | 1066.0 |
               +--------+--------+--------+--------+--------+-----+--------+

Top non-repeatable levels by time:
Vaults:1: 4001 daAuts
   Zot:5: 3513 daAuts
Vaults:5: 3008 daAuts
Vaults:4: 2751 daAuts
   Orc:2: 2745 daAuts
Depths:2: 2586 daAuts
 Crypt:3: 2585 daAuts
Depths:3: 2496 daAuts
    D:10: 2489 daAuts
Spider:3: 2472 daAuts
  Lair:4: 2180 daAuts
     D:9: 2176 daAuts
   Elf:3: 2161 daAuts
   Zot:3: 2139 daAuts
  Lair:5: 2040 daAuts
